 Dungeon Crawl Stone Soup version 0.22-a0-224-g8cf3520 (webtiles) character file.

18 Amnesiac the Poker (level 2, -3/24 HPs)
             Began as a Demonspawn Monk on Feb 19, 2018.
             Killed from afar by an orc wizard (7 damage)
             ... with a magic dart
             ... on level 4 of the Dungeon.
             The game lasted 00:01:05 (727 turns).

Amnesiac the Poker (Demonspawn Monk)                 Turns: 727, Time: 00:01:06

Health: -3/24      AC:  4    Str: 11    XL:     2   Next: 48%
Magic:  2/2        EV: 13    Int: 11    God:
Gold:   46         SH:  4    Dex: 15    Spells: 1/1 levels left

rFire    . . .     SeeInvis .   a - +0 spear
rCold    . . .     Gourm    .   (no shield)
rNeg     + . .     Faith    .   d - +2 robe {rN+}
rPois    .         Spirit   .   (no helmet)
rElec    .         Reflect  .   (no cloak)
rCorr    .         Harm     .   (no gloves)
MR       .....                  (no boots)
Stlth    ++........             (no amulet)
HPRegen  0.08/turn              (no ring)
MPRegen  0.08/turn              (no ring)

@: no status effects
A: large bone plates 1
a: no special abilities


You were on level 4 of the Dungeon.
You were not hungry.

You visited 1 branch of the dungeon, and saw 5 of its levels.

You collected 46 gold pieces.

Inventory:

Hand Weapons
 a - a +0 spear (weapon)
Armour
 d - a +2 robe of positive energy (worn)
Jewellery
 h - an uncursed ring of flight {unknown}
Scrolls
 b - a scroll of noise {!r, unknown}
 e - a scroll of teleportation {!r, unknown}
 f - a scroll of remove curse {!r, unknown}
 g - a scroll of enchant armour {!r, unknown}
Comestibles
 c - 2 rations


   Skills:
 - Level 3.0 Fighting
 + Level 3.5 Polearms
 - Level 2.6 Dodging
 - Level 1.7 Stealth


You had one spell level left.
You didn't know any spells.

Dungeon Overview and Level Annotations

Branches:
Dungeon (5/15)
 Temple: D:4-7

Altars:


Innate Abilities, Weirdness & Mutations

You are partially covered in large bone plates. (SH +4)


Message History

You hear the rusting of a very distant drain.
You hear the brisk rusting of a very distant drain.
h - a runed moonstone ring
Found a stone staircase leading down.
There is a stone staircase leading down here.
You open the large door.
There is a large open door here.
There is a large open door here.
Found a stone staircase leading up.
You open the door.
There is an open door here. 2 gnolls come into view.
The gnoll shouts! 2 gnolls come into view.
There are monsters nearby!
The gnoll moves out of view.
You hear the brisk rusting of a very distant drain.
Attack whom?
Press: ? - help, Dir - move target cursor, f - gnoll
Aim: a gnoll, wielding a spear You reach to attack!
You hit the gnoll but do no damage. You block the gnoll's attack.
Attack whom?
Press: ? - help, Dir - move target cursor, f/p - gnoll
Aim: a gnoll, wielding a spear You reach to attack!
You hit the gnoll but do no damage.
The gnoll hits you from afar with a spear.
Attack whom?
Press: ? - help, Dir - move target cursor, f/p - gnoll
Aim: a gnoll, wielding a spear You reach to attack!
You barely miss the gnoll. The gnoll barely misses you.
Attack whom?
Press: ? - help, Dir - move target cursor, f/p - gnoll
Aim: a gnoll, wielding a spear You reach to attack!
You closely miss the gnoll.
Attack whom?
Press: ? - help, Dir - move target cursor, f/p - gnoll
Aim: a gnoll, wielding a spear You reach to attack!
You hit the gnoll.
The gnoll is moderately wounded.
The gnoll hits you from afar with a spear!
Attack whom?
Press: ? - help, Dir - move target cursor, f/p - gnoll
Aim: a gnoll, wielding a spear (moderately wounded)
You reach to attack!
You closely miss the gnoll.
The gnoll is moderately wounded.
The gnoll hits you from afar with a spear!
* * * LOW HITPOINT WARNING * * *
You are too injured to fight recklessly!
You are too injured to fight recklessly!
You are too injured to fight recklessly!
There is an open door here.
As you close the door, it creaks loudly!
A gnoll opens the door.
There is a stone staircase leading up here.
The gnoll hits you from afar with a spear.
* * * LOW HITPOINT WARNING * * *
You climb upwards.
The orc wizard shouts!
An orc comes into view. It is wielding a hand axe of venom.
The orc shouts!
You hear a shout!
The orc wizard gestures at you while chanting.
The magic dart hits you!
You die...

##....###.
#.##o..###....#
.
#..)..........#
.
#......o..!...#
.
#.)...........#
.
#.............#
#.............
#...$....
+@.......
#########


You could see an orc wizard and an orc.

Vanquished Creatures
  An adder skeleton (D:4)
  A bat (D:3)
  A giant cockroach (D:4)
  2 goblins
  3 hobgoblins
  2 quokkas (D:3)
  2 frilled lizards (D:1)
  A kobold (D:1)
13 creatures vanquished.

Notes
Turn   | Place    | Note
-------+----------+-------------------------------------------
     0 | D:1      | Amnesiac the Demonspawn Monk began the quest for the Orb.
     0 | D:1      | Reached XP level 1. HP: 18/18 MP: 1/1
    79 | D:3      | Gained mutation: You are partially covered in large bone plates. (SH +4) [demonic ancestry]
    79 | D:3      | Reached XP level 2. HP: 23/24 MP: 2/2
   351 | D:5      | Entered Level 5 of the Dungeon
   727 | D:4      | Killed from afar by an orc wizard

Vault maps used:
D:1:      co_arrival_square_in_a_square_in_a_square, fountainhead,
          patterned_corridor
D:2:      grunt_qazlal_sundering
D:4:      temple_doors_cd
D:5:      gup_sewer_entry_glass, first_ration, okawaru_metal_pillars_1_2

Skill      XL: |  1 |
---------------+----+-----
Polearms       | 3 |  3.5
Fighting       | |  3.0
Dodging        | |  2.6
Stealth        | |  1.7

Action                   || total
-------------------------++-------
Melee: Spear             ||    58
 Stab: Sleeping          ||     2
Armor: Robe              ||     3
Dodge: Dodged            ||    25
Block: Other             ||     6

Table legend:
 A = Spawn XP
 B = Non-spawn XP
 C = Spawn XP percentage of total XP
 D = Spawn monster count
 E = Non-spawn monster count
 F = Spawn count percentage of total count
 G = Total turns spent on level
                    A         B        C        D         E        F      G
               +---------+---------+-------+---------+---------+-------+---------
         Total |       0 |      26 |   0.0 |       0 |      13 |   0.0 |   727
               +---------+---------+-------+---------+---------+-------+---------
           D:1 |       0 |       7 |   0.0 |       0 |       5 |   0.0 |    57
           D:2 |       0 |       4 |   0.0 |       0 |       2 |   0.0 |    16
           D:3 |       0 |       8 |   0.0 |       0 |       4 |   0.0 |   244
           D:4 |       0 |       7 |   0.0 |       0 |       2 |   0.0 |    34
               +---------+---------+-------+---------+---------+-------+---------
